 Dungeon Crawl Stone Soup version 0.29.1-12-g30fa7ad0bf (webtiles) character file.

Game seed: 265589805222400150

117 sneakypete the Chopper (level 4, -13/33 HPs)
             Began as a Demonspawn Gladiator on Jan 13, 2023.
             Was an Initiate of Wu Jian.
             Mangled by a shadow (26 damage)
             ... created by the anger of Yredelemnul
             ... on level 3 of the Dungeon.
             The game lasted 00:25:22 (4019 turns).

sneakypete the Chopper (Demonspawn Gladiator)       Turns: 4019, Time: 00:25:23

Health: -13/33     AC: 18    Str: 16    XL:     4   Next: 71%
Magic:  4/4        EV:  5    Int:  9    God:    Wu Jian [......]
Gold:   132        SH:  8    Dex: 15    Spells: 3/3 levels left

rFire   + . .      SeeInvis .   q - +1 flail (protect)
rCold   + + .      Faith    .   b - +1 kite shield {rC+}
rNeg    + . .      Spirit   .   u - +0 chain mail
rPois   .          Reflect  .   c - +0 helmet
rElec   .          Harm     .   w - scarf {rC+ rF+}
rCorr   +          Rampage  .   (no gloves)
Will    .....                   (no boots)
Stlth   ..........              (no amulet)
HPRegen 0.11/turn               l - ring of positive energy
MPRegen 0.09/turn               y - ring of resist corrosion

@: under a protective aura
A: claws 1, slimy green scales 1
a: Renounce Religion


You were on level 3 of the Dungeon.
You worshipped Wu Jian.
Wu Jian was noncommittal.
You visited 1 branch of the dungeon, and saw 3 of its levels.

You collected 132 gold pieces.

Inventory:

Hand Weapons
 a - a +0 war axe
 i - a +0 shortbow
 q - a +1 flail of protection (weapon)
Missiles
 d - 3 throwing nets (quivered)
 e - a javelin
Armour
 b - a +1 kite shield of cold resistance (worn)
 c - a +0 helmet (worn)
 k - a +0 tower shield
 r - an orb of light
 u - a +0 chain mail (worn)
 w - a scarf of resistance (worn)
Jewellery
 l - a ring of positive energy (left claw)
 v - a ring of wizardry
 y - a ring of resist corrosion (right claw)
Scrolls
 f - 4 scrolls of teleportation {unknown}
 h - a scroll of torment {unknown}
 s - 3 scrolls of identify {unknown}
 x - 2 scrolls of vulnerability {unknown}
 z - a scroll of fear {unknown}
Potions
 g - 2 potions of heal wounds {unknown}
 j - a potion of ambrosia {unknown}
 m - a potion of might {unknown}
 n - a potion of berserk rage {unknown}
 o - a potion of resistance {unknown}
 p - 2 potions of curing {unknown}
 t - a potion of flight {unknown}


   Skills:
 + Level 2.3 Fighting
 + Level 3.5(3.7) Axes
 + Level 1.8(2.9) Maces & Flails
 + Level 1.7 Throwing
 + Level 1.6 Armour
 + Level 2.9 Dodging
 + Level 0.5 Stealth
 + Level 0.4 Shields


You had 3 spell levels left.
You didn't know any spells.
Your spell library contained the following spells:

 Spells                   Type           Power      Damage    Failure   Level
 Static Discharge         Conj/Air       0%         3-3/arc   100%        2
 Call Canine Familiar     Summ           0%         N/A       100%        3
 Portal Projectile        Hex/Tloc       0%         N/A       100%        3
 Leda's Liquefaction      Hex/Erth       0%         N/A       100%        4
 Lightning Bolt           Conj/Air       0%         1d11      100%        5
 Maxwell's Capacitive Co  Air            0%         ∞         100%        8


Dungeon Overview and Level Annotations

Branches:
Dungeon (3/15)

Altars:
Qazlal
Wu Jian
Yredelemnul


Innate Abilities, Weirdness & Mutations

You have sharp fingernails.
You are partially covered in slimy green scales. (AC +2)


Message History

You see here a +0 ring mail.
x - 2 scrolls labelled AVVAOH FAKUCAS (gained 1)
z - a scroll labelled HAGU WUIRCHERIN You see here a +0 ring mail.
A - a +0 ring mail You drop a +0 ring mail.
There is an open door here.
Yredelemnul sends a servant to punish you.
The divine experience confuses you!
You are confused.
A shadow comes into view.
You sock the shadow!
Your weapon exudes an aura of protection.
The shadow is heavily damaged.
The shadow hits you! The shadow attacks as you move away! The shadow hits you.
The shadow barely misses you.
You bump into the rock wall.
The shadow hits you.
You are too confused!
You are too confused!
You are too confused!
You are too confused!
You bump into the rock wall.
You feel less confused. The shadow hits you. The shadow barely misses you.
You hit the shadow but do no damage.
Your weapon exudes an aura of protection.
The shadow is heavily damaged.
The shadow hits you.
You hit the shadow.
The shadow is severely damaged.
The shadow hits you. x2
You sock the shadow!
The shadow is almost destroyed.
The shadow slips into darkness.
The shadow flickers and vanishes!
Deactivating autopickup; reactivate with Ctrl-A.
The shadow strikes at you from the darkness!
Ouch! That really hurt!
You die...

.....###....#'.#.....#
... ####....###..#.#.. .
#.###..##.##.###.# .#
#...)#.#......##.##.####
#....#...#'#............
##...#..##.#####..#.####
##...#.##.[.#..#.##
####.#.#......##.#
######.#########@#
...............{.#
#####...#######.##
##..........#
############


There were no monsters in sight!

Vanquished Creatures
  4 adders
  A worm (D:3)
  A dart slug (D:1)
  4 orcs (D:3)
  6 bats
  3 endoplasms
  2 giant cockroaches (D:2)
  5 goblins
  8 hobgoblins
  5 jackals
  A quokka (D:1)
  3 ball pythons
  4 frilled lizards
  5 kobolds
  7 rats
59 creatures vanquished.

Vanquished Creatures (collateral kills)
  An endoplasm (D:3)
  A goblin (D:1)
  A hobgoblin (D:3)
  3 kobolds
  A ball python (D:1)
  A bat (D:3)
  3 frilled lizards
11 creatures vanquished.

Vanquished Creatures (others)
  4 bat zombies
  A ball python zombie (D:1)
  An endoplasm zombie (D:3)
  2 orc zombies (D:3)
  A plant (D:1)
9 creatures vanquished.

Grand Total: 79 creatures vanquished

Notes
Turn   | Place    | Note
-------+----------+-------------------------------------------
     0 | D:1      | sneakypete the Demonspawn Gladiator began the quest for the
                  | Orb.
     0 | D:1      | Reached XP level 1. HP: 16/16 MP: 1/1
   516 | D:1      | Reached skill level 3 in Axes
   523 | D:1      | Gained mutation: You are partially covered in slimy green
                  | scales. (AC +2) [demonic ancestry]
   523 | D:1      | Reached XP level 2. HP: 20/22 MP: 2/2
   706 | D:1      | Found a faded altar of an unknown god.
   807 | D:1      | Prayed at the altar of an unknown god.
   807 | D:1      | Became a worshipper of Yredelemnul the Dark
   807 | D:1      | Reached * piety under Yredelemnul
  1058 | D:1      | Gained mutation: You have sharp fingernails. [demonic
                  | ancestry]
  1058 | D:1      | Reached XP level 3. HP: 27/27 MP: 3/3
  1182 | D:1      | Reached skill level 1 in Armour
  2808 | D:3      | Reached XP level 4. HP: 30/33 MP: 4/4
  2947 | D:3      | Found a large runed translucent door.
  2947 | D:3      | Found a large runed translucent door.
  2993 | D:3      | Reached skill level 1 in Maces & Flails
  3132 | D:3      | Found a stormy altar of Qazlal.
  3140 | D:3      | Found an ornate altar of the Wu Jian Council.
  3145 | D:3      | Fell from the grace of Yredelemnul
  3145 | D:3      | Became a worshipper of the Wu Jian Council
  4009 | D:3      | Noticed a shadow
  4019 | D:3      | Mangled by a shadow

Illustrated notes

Levels and vault maps discovered:
D:1:      shiori_shiawase, layout_loops_ring, basic_ecumenical_altar,
          serial_bayou_pond_b, st_stairs_1
D:2:      layout_basic, minmay_misc_feat_encased
D:3:      layout_basic, jmf_multi_god_temple2, serial_bayou_pond_d,
          minmay_pentangle

Skill      XL: |  1  2  3  4 |
---------------+-------------+-----
Axes           | 3 |  3.5
Armour         | 1 |  1.6
Maces & Flails | 1 |  1.8
Fighting       | |  2.3
Throwing       | |  1.7
Dodging        | |  2.9
Stealth        | |  0.5
Shields        | |  0.4

Action                   |  1- 3 |  4- 6 || total
-------------------------+-------+-------++-------
Melee: War axe           |    95 |       ||    95
       Flail             |    40 |    63 ||   103
Armor: Leather armour    |    36 |       ||    36
       Scale mail        |    36 |       ||    36
       Chain mail        |    18 |    43 ||    61
Dodge: Dodged            |    74 |    12 ||    86
Block: Kite shield       |    20 |    27 ||    47
       Tower shield      |    15 |       ||    15
